AoeStats
← JunGouik

Black Forest

510575764Analyzed
4v4 RM · 22h ago on Oct 1, 2026· 57m 41s· 8 players
Game mode
Random Map
Map size
Large (8 player)
Population
200
Speed
Normal
Resources
Standard
Victory
Conquest
Starting age
Dark Age
Ending age
Imperial Age
RankedLock teamsTeams togetherTeam positionsShared explorationLock speedFull tech treeHidden civsTurbo modeCheats
Victory
Defeat
🇮🇳 Huns · India
583
+22
🇮🇳 Bohemians · India
582
+22
🇫🇷 Burgundians · France
554
+23
🇹🇷 Goths · Türkiye
504
+25
🇨🇳 Khmer · China
772
-80
🇨🇳 Huns · China
719
-23
🇨🇳 Britons · China
709
-23
🇨🇳 Spanish · China
674
-21
B3rtox
7:01 Wheelbarrow
9:19 Horse Collar
13:20 Feudal Age
14:53 Hand Cart
16:59 Heavy Plow
21:23 Castle Age
22:13 Double-Bit Axe
23:36 Bow Saw
23:21 Gold Mining
27:57 Gold Shaft Mining
30:09 Imperial Age
29:12 Burgundian Vineyards
29:53 Treadmill Crane
31:51 Chemistry
31:51 Conscription
37:04 Ballistics
36:40 Murder Holes
36:31 Arrowslits
36:58 Fortified Wall
41:16 Scale Barding Armor
41:21 Forging
42:17 Two-Man Saw
44:56 Chain Barding Armor
45:12 Iron Casting
44:54 Masonry
49:00 Gold Shaft Mining
48:16 Stone Mining
50:06 Hoardings
52:34 Architecture
55:32 Elite Coustillier
ankitsahoo7815
7:19 Loom
13:28 Feudal Age
14:08 Double-Bit Axe
14:05 Horse Collar
20:50 Castle Age
21:41 Bow Saw
26:00 Wheelbarrow
25:45 Caravan
28:21 Hand Cart
31:51 Imperial Age
32:07 Town Watch
33:02 Ballistics
33:42 Chemistry
32:39 Murder Holes
32:56 Fortified Wall
34:44 Forging
34:25 Fletching
34:35 Padded Archer Armor
34:36 Scale Mail Armor
34:41 Scale Barding Armor
37:02 Houfnice
40:50 Cavalier
41:21 Pikeman
42:32 Elite Hussite Wagon
47:37 Iron Casting
47:23 Chain Barding Armor
46:59 Bodkin Arrow
47:45 Light Cavalry
51:52 Husbandry
53:00 Blast Furnace
52:01 Bracer
52:17 Chain Mail Armor
52:18 Leather Archer Armor
58:27 Two-Man Saw
RohanKingTheoden
12:40 Feudal Age
13:25 Horse Collar
13:37 Double-Bit Axe
16:23 Gold Mining
18:27 Wheelbarrow
18:12 Stone Mining
25:23 Castle Age
25:13 Scale Mail Armor
26:56 Hand Cart
26:38 Elite Skirmisher
27:23 Husbandry
28:14 Stone Shaft Mining
27:53 Bow Saw
28:19 Chain Mail Armor
28:05 Padded Archer Armor
27:56 Fletching
29:38 Caravan
30:54 Coinage
31:35 Anarchy
36:58 Imperial Age
34:13 Town Watch
39:45 Pikeman
40:26 Squires
FullestOx956066
24:35 Feudal Age
32:28 Castle Age
32:14 Double-Bit Axe
32:42 Horse Collar
34:14 Bow Saw
34:08 Heavy Plow
38:15 Caravan
38:21 Husbandry
38:34 Bloodlines
38:33 Scale Barding Armor
何以清尘
0:39 Loom
12:55 Feudal Age
16:47 Double-Bit Axe
16:44 Horse Collar
23:57 Castle Age
25:38 Gold Mining
26:46 Heavy Plow
27:00 Bow Saw
30:20 Pikeman
31:00 Squires
30:45 Arson
31:14 Forging
31:05 Scale Mail Armor
34:16 Iron Casting
37:02 Chain Mail Armor
37:08 Gold Mining
37:09 Stone Mining
40:34 Imperial Age
38:41 Wheelbarrow
38:51 Fletching
39:01 Padded Archer Armor
38:51 Fletching
42:30 Blast Furnace
42:00 Plate Mail Armor
40:54 Halberdier
44:09 Yeomen
45:13 Hand Cart
46:41 Bodkin Arrow
47:01 Leather Archer Armor
46:41 Bodkin Arrow
2073457781
0:31 Loom
12:53 Feudal Age
13:31 Double-Bit Axe
13:28 Horse Collar
16:08 Wheelbarrow
19:01 Castle Age
23:19 Hand Cart
23:54 Bow Saw
23:52 Heavy Plow
26:18 Stone Mining
26:28 Gold Mining
26:39 Town Watch
27:41 Stone Shaft Mining
28:27 Caravan
28:58 Coinage
29:06 Coinage
30:16 Scale Barding Armor
30:12 Scale Mail Armor
30:23 Forging
30:05 Fletching
31:08 Town Patrol
32:29 Man-at-Arms
33:00 Gambesons
36:21 Imperial Age
33:56 Long Swordsman
36:32 Two-Handed Swordsman
38:44 Two-Man Saw
38:46 Banking
38:41 Guilds
38:28 Champion
39:35 Elite Conquistador
43:45 Inquisition
温华此生不用剑
0:29 Loom
13:39 Feudal Age
14:47 Stone Mining
16:05 Double-Bit Axe
20:23 Castle Age
20:07 Horse Collar
22:25 Gold Mining
22:54 Heavy Plow
23:08 Bow Saw
23:11 Scale Barding Armor
27:52 Marauders
30:05 Gold Shaft Mining
30:55 Chain Barding Armor
31:48 Husbandry
32:04 Bloodlines
38:59 Forging
45:08 Imperial Age
JunGouik
12:20 Feudal Age
20:05 Wheelbarrow
25:25 Castle Age
26:24 Hand Cart
33:26 Imperial Age
36:55 Elite Battle Elephant
Connection lost

Rejoining the realm…

Still unreachable

The connection could not be restored.

Session expired

The server has moved on; the page needs a fresh start.